cohdb
Replays
Latest Replays
All Replays
Popular Replays
Top Player Replays
Match Explorer
How It Works
Community
CoH3 Stats
Reddit
Sign in to upload your games and track your stats! →
Sign in with Steam
Match 44805019
Unlisted
Match 44805019
Overview
Messages
Build Orders
End
Selects Advanced Infantry Battlegroup
Construct Barracks
Scout Squad
Riflemen Squad
1⁄4-ton 4x4 Truck
M1 Mortar Team
Grenade Package
Selects Artillery Observers
Riflemen Squad
Air Support Center
P-47 Dive Bomb
Improved Aircraft Armor
Selects Convert to Ranger Squad
Construct Medical Station
Convert to Ranger Squad
M1918 Browning Automatic Rifles
Grasshopper Recon Run
P-47 Strafing Run
Construct Weapon Support Center
P-47 Dive Bomb
Bazooka Squad
Bazooka Squad
P-47 Strafing Run
Construct Motor Pool
P-47 Dive Bomb
Grasshopper Recon Run
M24 Chaffee Light Tank
Selects M2A1 105mm Howitzer Emplacement
M24 Chaffee Light Tank
Grasshopper Recon Run
P-47 Dive Bomb
P-47 Strafing Run
Bazooka Squad
Bazooka Squad
Grasshopper Recon Run
Selects 155mm Rapid Artillery Barrage
Selects Free Fire Drills
Engineer Squad
P-47 Strafing Run
P-47 Dive Bomb
Selects Frontline Medical Station
Grasshopper Recon Run
P-47 Strafing Run
P-47 Dive Bomb
Air Supremacy
Double Sortie
P-47 Strafing Run
Grasshopper Recon Run
.30 cal Machine Gun
Construct Tank Depot
Selects Infantry Assault
.30 cal Machine Gun
Frontline Medical Station
Grasshopper Recon Run
P-47 Dive Bomb
Grasshopper Recon Run
P-47 Dive Bomb
M4(105) Sherman Bulldozer
P-47 Strafing Run
Grasshopper Recon Run
P-47 Dive Bomb
mjodonne
Luke
RedneckRambo69
Joraad
Stygaaskr
Handschar
0
0
Comments
sign in to comment!
No comments posted yet!